Map: Traitor's Exile

Players

LOADBLASTER - Winner!

  • Race: Terran Terran
  • League: Master
  • Spawn Location: 12:00

PureLegacy - Winner!

  • Race: Terran Terran
  • Spawn Location: 9:00

Target

  • Race: Zerg Zerg
  • League: Master
  • Spawn Location: 5:00

KoB

  • Race: Protoss Protoss
  • Spawn Location: 6:00

VOD

Have the link to the VOD?

Description

Time

  • Played on: Nov. 26, 2018, 1:38 p.m.
  • Length: 9:02
Show
View Real Time Build Order
Export as new Build Order

LOADBLASTER Terran - Winner!

Build Orders: Mech 

Get SALT Encoding   

  12  0:01  SCV  
  13  0:13  SCV  
  14  0:19  Supply Depot  
  14  0:25  SCV  
  15  0:31  Refinery  
  15  0:40  SCV  
  16  0:46  Barracks  
  16  0:53  SCV  
  17  1:00  Refinery  
  17  1:05  SCV  
  18  1:17  SCV  
  19  1:34  Reaper, Orbital Command  
  20  1:40  Factory  
  20  1:45  Supply Depot  
  20  2:00  SCV  
  21  2:06  Reaper  
  22  2:13  SCV  
  23  2:24  Hellion  
  23  2:27  Command Center  
  25  2:30  SCV  
  26  2:44  SCV  
  27  2:45  Barracks Tech Lab  
  27  2:47  Hellion  
  29  2:53  Supply Depot  
  29  2:57  SCV  
  30  3:14  SCV  
  30  3:15  Barracks Reactor  
  30  3:21  Cyclone  
  30  3:23  Factory  
  30  3:26  SCV  
  31  3:34  Mag-Field Accelerator  
  31  3:38  SCV  
  32  3:42  Orbital Command  
  32  3:50  SCV  
  34  3:55  Cyclone  
  34  4:03  SCV  
  34  4:09  SCV  
  36  4:14  Hellion x2  
  36  4:15  SCV  
  41  4:19  Supply Depot  
  41  4:21  SCV  
  42  4:27  Cyclone, SCV  
  46  4:33  SCV  
  46  4:35  Hellion x2  
  51  4:39  SCV  
  51  4:40  Supply Depot  
  51  4:45  SCV  
  54  4:53  Command Center  
  54  4:57  Refinery x2  
  54  4:59  SCV  
  54  5:00  Factory  
  54  5:02  SCV  
  55  5:11  SCV  
  55  5:13  Hellion, Siege Tank  
  61  5:14  SCV  
  62  5:24  SCV  
  62  5:25  Supply Depot  
  62  5:26  SCV  
  62  5:27  Hellion  
  66  5:36  Factory  
  66  5:37  SCV  
  66  5:38  Factory, SCV  
  68  5:45  Factory Tech Lab  
  68  5:47  Cyclone  
  68  5:49  SCV  
  72  5:50  SCV  
  72  5:55  Infernal Pre-Igniter  
  73  6:01  SCV  
  73  6:02  SCV  
  75  6:11  Orbital Command  
  73  6:13  Hellion, SCV  
  73  6:15  SCV  
  77  6:19  Cyclone  
  80  6:27  Cyclone  
  80  6:28  Factory Reactor, Factory Tech Lab  
  80  6:30  SCV  
  80  6:32  Hellion  
  84  6:34  SCV  
  84  6:36  Refinery  
  84  6:37  SCV  
  84  6:38  Refinery  
  78  6:42  SCV  
  78  6:46  Hellion, SCV  
  82  6:50  Supply Depot  
  82  6:51  Cyclone  
  82  6:53  Supply Depot  
  85  6:55  Cyclone  
  85  6:57  SCV  
  85  6:59  SCV x2  
  91  7:09  SCV  
  91  7:11  Cyclone, SCV  
  91  7:12  Hellion x2  
  100  7:19  SCV  
  100  7:21  SCV  
  102  7:23  Cyclone  
  102  7:27  Cyclone  
  102  7:28  SCV  
  109  7:30  Hellion  
  109  7:31  SCV  
  109  7:33  Supply Depot  
  109  7:34  Supply Depot, SCV  
  113  7:39  Hellion  
  115  7:49  Cyclone  
  115  7:50  Hellion  
  115  7:51  Hellion  
  117  7:55  Cyclone  
  117  7:57  SCV x2  
  120  8:01  Cyclone  
  120  8:02  Hellion  
  125  8:08  Supply Depot x2  
  125  8:10  Hellion  
  127  8:14  Armory  
  127  8:17  Supply Depot  
  127  8:19  Command Center  
  125  8:21  Cyclone  
  125  8:24  Hellion  
  130  8:28  Cyclone  
  130  8:32  Hellion  
  136  8:54  Barracks  
Show
View Real Time Build Order
Export as new Build Order

PureLegacy Terran - Winner!

Build Orders:  

Get SALT Encoding   

  12  0:01  SCV  
  13  0:13  SCV  
  14  0:18  Supply Depot  
  14  0:25  SCV  
  15  0:31  Refinery  
  15  0:39  SCV  
  16  0:45  Barracks  
  16  0:51  SCV  
  17  1:05  Barracks  
  17  1:17  Barracks  
  17  1:21  SCV  
  18  1:33  Reaper  
  19  1:40  Orbital Command  
  19  1:47  Refinery  
  19  1:52  Reaper  
  20  2:00  Supply Depot  
  20  2:06  Reaper  
  21  2:10  Reaper  
  21  2:15  SCV  
  23  2:26  Supply Depot  
  23  2:27  SCV  
  23  2:28  Reaper  
  25  2:38  Reaper  
  25  2:39  SCV  
  27  2:45  Reaper  
  28  2:52  SCV  
  29  3:04  Reaper  
  30  3:05  SCV  
  30  3:10  Reaper  
  32  3:20  Reaper, Command Center  
  32  3:32  SCV  
  33  3:36  Reaper  
  34  3:42  Reaper  
  35  3:48  SCV  
  35  3:50  Engineering Bay  
  37  4:00  Supply Depot, SCV  
  39  4:20  Terran Infantry Weapons Level 1  
  37  4:25  Reaper x2  
  37  4:26  Barracks  
  37  4:27  Barracks  
  37  4:28  Reaper  
  40  4:31  SCV  
  40  4:55  Orbital Command  
  40  4:57  Refinery, Reaper x2  
  40  4:58  Refinery  
  42  5:00  Reaper, SCV  
  37  5:16  Reaper  
  37  5:17  Reaper, SCV  
  40  5:24  SCV  
  41  5:29  Reaper  
  41  5:31  Reaper  
  41  5:32  Barracks, Reaper  
  41  5:33  Barracks, SCV  
  45  5:36  SCV  
  46  5:47  SCV  
  46  5:48  Reaper  
  48  5:50  Reaper  
  48  5:52  SCV  
  50  5:59  SCV  
  50  6:01  Reaper  
  50  6:02  Supply Depot  
  52  6:04  SCV  
  52  6:05  Reaper  
  52  6:11  SCV  
  55  6:12  Reaper  
  55  6:15  Terran Infantry Armor Level 1, Supply Depot  
  55  6:16  SCV  
  57  6:31  Reaper  
  57  6:32  Reaper  
  56  6:38  Reaper x2  
  53  6:40  Reaper x2  
  53  6:42  SCV x2  
  57  6:47  Reaper  
  57  6:49  Barracks  
  57  6:51  Barracks  
  58  6:55  SCV x2  
  60  7:04  Reaper  
  56  7:14  Command Center  
  56  7:15  SCV x2  
  64  7:25  Supply Depot  
  58  7:32  SCV  
  58  7:33  SCV, Barracks Tech Lab  
  58  7:36  Factory  
  61  7:40  Marine x3  
  61  7:41  Marine x3  
  61  7:45  SCV x2  
  61  7:46  Supply Depot x2  
  63  7:57  SCV x2  
  65  7:59  Marine x3  
  65  8:00  Marine x4  
  65  8:01  Marine  
  73  8:09  SCV  
  74  8:19  Marine x3  
  77  8:22  Marine  
  77  8:23  Marine  
  79  8:27  SCV x2, Orbital Command  
  79  8:31  Armory, Engineering Bay, Supply Depot  
  79  8:32  Factory Reactor, Starport  
  80  8:42  Marine x4  
  80  8:47  SCV x2  
Show
View Real Time Build Order
Export as new Build Order

Target Zerg 

Build Orders: Pool First 

Get SALT Encoding   

  12  0:00  Drone  
  13  0:12  Overlord  
  13  0:18  Drone  
  14  0:30  Drone x2  
  16  0:44  Spawning Pool  
  16  0:45  Extractor  
  16  0:46  Drone  
  15  0:51  Drone  
  16  1:00  Drone  
  17  1:18  Hatchery  
  16  1:21  Drone  
  17  1:25  Drone  
  18  1:36  Queen  
  20  1:47  Metabolic Boost  
  20  1:51  Overlord  
  20  1:58  Zergling x4  
  22  2:16  Zergling x4  
  22  2:19  Queen  
  26  2:31  Zergling x4  
  28  2:37  Queen  
  28  2:38  Drone  
  31  2:52  Overlord  
  31  3:04  Zergling x2  
  31  3:05  Zergling x8  
  32  3:14  Zergling x4  
  31  3:23  Zergling x2  
  32  3:34  Zergling x2  
  32  3:35  Zergling x8  
  37  3:42  Drone  
  37  3:45  Spore Crawler  
  37  3:47  Drone  
  38  3:57  Drone x3  
  41  4:03  Overlord  
  41  4:06  Drone  
  41  4:09  Hatchery  
  41  4:10  Drone  
  42  4:19  Overlord  
  42  4:21  Drone x2  
  44  4:25  Drone  
  44  4:26  Extractor  
  44  4:39  Zergling x10  
  44  4:43  Zergling x2  
  50  4:49  Zergling x4  
  50  4:52  Zergling x2  
  52  4:53  Zergling x2  
  52  4:59  Zergling x2  
  54  5:00  Zergling x4  
  54  5:06  Overlord  
  53  5:15  Zergling x2  
  53  5:16  Zergling x2  
  55  5:26  Zergling x12  
  61  5:34  Baneling Nest  
  60  5:36  Drone x3  
  61  5:55  Drone  
  61  5:56  Drone x6  
  66  6:00  Lair  
  66  6:08  Queen  
  68  6:14  Burrow  
  68  6:19  Evolution Chamber  
  59  6:31  Zergling x2  
  59  6:32  Zergling x14  
  47  6:34  Zergling x2  
  47  6:36  Zergling x2  
  47  6:38  Zergling x2  
  50  6:40  Zergling x2  
  51  6:47  Zerg Melee Weapons Level 1  
  51  6:49  Zergling x2  
  51  6:50  Zergling x4  
  51  6:51  Zergling x2  
  52  7:03  Zergling x6  
  52  7:04  Zergling x4  
  54  7:11  Zergling x8  
  54  7:12  Zergling x2  
  54  7:13  Zergling x2  
  54  7:14  Zergling x2  
  61  7:23  Infestation Pit  
  61  7:27  Drone  
  61  7:30  Drone x3  
  61  7:32  Drone x2  
  61  7:33  Drone  
  61  7:35  Drone  
  68  7:38  Overlord  
  65  7:58  Zergling x16  
  62  7:59  Zergling x6  
  72  8:07  Overlord x2  
  72  8:11  Extractor  
  72  8:12  Overlord  
  71  8:13  Extractor  
  55  8:29  Zergling x12  
  55  8:30  Zergling x2  
  55  8:32  Swarm Host  
Show
View Real Time Build Order
Export as new Build Order

KoB Protoss 

Build Orders:  

Get SALT Encoding   

  12  0:00  Probe  
  13  0:12  Probe  
  14  0:18  Pylon  
  14  0:24  Probe  
  15  0:34  Probe  
  15  0:38  Gateway  
  15  0:42  Probe  
  16  0:49  Assimilator  
  17  0:51  Probe  
  18  1:05  Gateway  
  18  1:07  Probe  
  19  1:13  Assimilator  
  19  1:21  Probe  
  20  1:26  Cybernetics Core  
  20  1:33  Probe  
  21  1:45  Probe  
  22  1:58  Probe  
  23  2:06  Pylon  
  23  2:08  Warp Gate  
  23  2:14  Stalker x2  
  26  2:44  Adept x2  
  30  2:57  Pylon  
  30  3:08  Nexus  
  30  3:18  Stalker  
  34  3:20  Sentry  
  34  3:40  Robotics Facility  
  33  3:43  Gateway  
  33  3:46  Pylon  
  33  3:48  Probe  
  34  4:00  Pylon  
  34  4:03  Twilight Council  
  34  4:16  Probe  
  35  4:19  Immortal  
  35  4:21  Probe  
  36  4:29  Resonating Glaives  
  40  4:33  Probe  
  40  4:36  Sentry  
  43  4:43  Sentry  
  45  4:57  Sentry  
  47  5:01  Adept  
  49  5:12  Adept  
  47  5:18  Probe  
  47  5:19  Probe  
  49  5:23  Pylon  
  49  5:24  Adept  
  51  5:31  Immortal  
  55  5:37  Probe  
  55  5:38  Probe  
  57  5:49  Adept x2  
  59  5:57  Probe  
  59  5:59  Shield Battery  
  60  6:10  Adept, Stalker  
  64  6:17  Adept  
  64  6:38  Immortal  
  50  6:43  Adept x3  
  50  6:44  Probe x2  
  62  6:56  Probe  
  62  6:57  Probe  
  64  7:03  Zealot  
  64  7:04  Zealot  
  68  7:08  Adept  
  70  7:17  Pylon  
  70  7:35  Assimilator, Probe x2  
  76  7:39  Pylon  
  75  7:48  Probe  
  75  7:50  Adept  
  78  7:55  Immortal  
  76  8:00  Adept  
  76  8:04  Probe  
  78  8:07  Pylon  
  78  8:09  Pylon  
  78  8:10  Pylon  
  78  8:19  Pylon  
  78  8:24  Shield Battery  
  78  8:25  Probe  
  65  8:31  Adept  
  54  8:34  Pylon  
  56  8:41  Pylon  
  56  8:45  Probe  
  56  8:59  Zealot x2  
  56  9:00  Zealot  
Tags
 
Add a new tag
Caveats
  • Supply blocks, unpowered buildings, or Contaminate may cause inaccurate times.
  • Supply counts are checked every 10 seconds.